Match 23411302
Unlisted

Match 23411302
End
Kettenkrad Recon Vehicle
Construct Infanterie Kompanie
Selects Mechanized Battlegroup
Grenadier Squad
Grenadier Squad
MG 42 Machine Gun Team
Construct Luftwaffe Kompanie
Pioneer Squad
Jäger Squad
Selects Raid Package
Medical Bunker
Support Elements
Marder III M Tank Destroyer
Marder III M Tank Destroyer
MG 42 Machine Gun Team
Selects 8 Rad Armored Car
Selects UNKNOWN (2160084)
Construct Panzer Kompanie
MG 42 Bunker
Selects Mobile Repair Stations
Selects Wespe Self-propelled Artillery
Stoßtruppen Squad
MG 42 Bunker
Panther Heavy Tank
Selects Mechanized Assault
infernoVenom
Grom
SneaKerz
gb_gbg
0
0

Comments sign in to comment!

No comments posted yet!